 Dungeon Crawl Stone Soup version 0.17-a0-1397-g0eee0a3 (webtiles) character file.

105 urechis the Chopper (level 4, 0/41 HPs)
             Began as a Hill Orc Gladiator on June 17, 2015.
             Slain by an adder (1 damage)
             ... on level 3 of the Dungeon.
             The game lasted 00:04:17 (1802 turns).

urechis the Chopper (Hill Orc Gladiator)            Turns: 1802, Time: 00:04:17

Health: 0/41       AC:  8    Str: 17    XL:     4   Next: 83%
Magic:  4/4        EV: 10    Int:  8    God:
Gold:   66         SH:  0    Dex: 12    Spells: 0 memorised, 3 levels left

rFire  . . .     SeeInvis .     a - +0 war axe
rCold  . . .     Clarity  .     j - +0 scale mail
rNeg   . . .     SustAt   .     (no shield)
rPois  .         Gourm    .     c - +0 helmet
rElec  .         Spirit   .     (no cloak)
rCorr  .         Warding  .     (no gloves)
rMut   .         Rnd*Tele +     m - +0 pair of boots
MR     .....                    (no amulet)
Stlth  ..........               (no ring)
                                n - ring of teleportation (curse)

@: lethally poisoned (0 -> -1), not resistant to hostile enchantments, extremely
unstealthy
A: no striking features
a: Evoke Teleportation


You were on level 3 of the Dungeon.
You were hungry.

You visited 1 branch of the dungeon, and saw 3 of its levels.

You collected 66 gold pieces.

Inventory:

Hand weapons
 a - a +0 war axe (weapon)
Missiles
 d - 3 throwing nets (quivered)
Armour
 c - a +0 helmet (worn)
 j - a +0 scale mail (worn)
 m - a +0 pair of boots (worn)
Jewellery
 n - a cursed ring of teleportation (left hand)
Magical devices
 p - a wand of confusion (11)
Scrolls
 f - 2 scrolls of remove curse
 g - a scroll of magic mapping {unknown}
 h - a scroll of random uselessness {unknown}
 k - a scroll of enchant armour {unknown}
Potions
 b - a potion of curing {unknown}
 i - a potion of flight {unknown}
 l - 2 potions of brilliance {unknown}
 q - a potion of magic {unknown}
Comestibles
 e - 2 bread rations
 o - 4 fruits


   Skills:
 * Level 4.8 Fighting
 + Level 4.9 Axes
 - Level 2.0 Throwing
 + Level 1.5 Armour
 - Level 2.4 Dodging


You had 3 spell levels left.
You didn't know any spells.

Dungeon Overview and Level Annotations

Branches:
Dungeon (3/15)

Altars:
Cheibriados
Okawaru
Sif Muna


Message History

The adder misses you.
You hit the adder.
The adder is lightly wounded.
You barely miss the adder. The adder barely misses you.
The adder bites you but does no damage. The adder bites you.
* * * LOW HITPOINT WARNING * * *
The adder barely misses you.
You slash the adder!
The adder is almost dead.
You barely miss the adder.
You feel sick. The adder barely misses you. The adder barely misses you.
You miss the adder.
The adder is almost dead.
You hit the adder.
The adder is moderately wounded.
The adder bites you.
* * * LOW HITPOINT WARNING * * *
The adder misses you. The adder bites you but does no damage.
The adder bites you.
You die...

### # ...) #.
.... #..#####..#
#....%@S..#
#....##...S.....#
#.# .............
#.##.?.#...... #
##..#......
...#...... ..##
....# .... ....#


You could see 2 adders.

Vanquished Creatures
  A worker ant (D:3)
  A gnoll (D:1)
  2 adders
  A worm (D:3)
  3 giant geckos
  4 giant cockroaches
  4 hobgoblins (D:2)
  8 jackals
  A quokka (D:2)
  A ball python (D:2)
  3 bats (D:2)
  3 giant newts
  7 goblins
  6 kobolds
  5 rats
50 creatures vanquished.

Notes
Turn   | Place    | Note
--------------------------------------------------------------
     0 | D:1      | urechis the Hill Orc Gladiator began the quest for the Orb.
     0 | D:1      | Reached XP level 1. HP: 18/18 MP: 1/1
   118 | D:1      | Reached XP level 2. HP: 19/26 MP: 2/2
   445 | D:1      | Reached XP level 3. HP: 28/33 MP: 3/3
   690 | D:2      | Found a snail-covered altar of Cheibriados.
   808 | D:2      | Found an iron altar of Okawaru.
  1669 | D:2      | Reached XP level 4. HP: 39/41 MP: 4/4
  1712 | D:3      | Found a deep blue altar of Sif Muna.
  1766 | D:3      | Reached skill level 1 in Armour
  1802 | D:3      | HP: 1/41 [adder (2)]
  1802 | D:3      | Slain by an adder

Vault maps used:
D:1:      moated_graveyard_arrival
D:2:      nicolae_overflow_crystal_walls, okawaru_trees_2, first_bread,
          minmay_strange_pillars, corexii_shack
D:3:      grunt_gozag_breadcrumbs, led_sif_book, uniq_jessica, uniq_sigmund

Action                   |  1- 3 |  4- 6 || total
-------------------------+-------+-------++-------
Melee: War axe           |   100 |    31 ||   131
  Use: Scroll            |     1 |       ||     1
  Eat: Chunk             |     2 |       ||     2
